 Dungeon Crawl Stone Soup version 0.31.0-11-ge490571c62 (webtiles) character file.

Game seed: 12450137560835882633

67 qw the Shooter (level 4, -1/25 HPs)
             Began as a Deep Elf Hunter on Feb 4, 2024.
             Slain by an orc priest
             ... wielding a +0 hand axe
              (3 damage)
             ... on level 3 of the Dungeon.
             The game lasted 00:00:04 (1242 turns).

qw the Shooter (Deep Elf Hunter)                    Turns: 1242, Time: 00:00:05

Health: -1/25      AC:  6    Str: 12    XL:     4   Next: 0%
Magic:  6/6        EV: 11    Int: 14    God:
Gold:   101        SH:  0    Dex: 18    Spells: 3/3 levels left

rFire   . . .        a - +0 shortbow
rCold   . . .        (shield currently unavailable)
rNeg    + . .        h - +1 ring mail "Lisch" {rN+ Str+2}
rPois   .            (no helmet)
rElec   .            (no cloak)
rCorr   .            (no gloves)
SInv    .            (no boots)
Will    .....        (no amulet)
Stlth   +            (no ring)
HPRegen 0.24/turn    (no ring)
MPRegen 0.10/turn

%: no passive effects
@: no status effects
A: no striking features
a: no special abilities


You were on level 3 of the Dungeon.
You visited 1 branch of the dungeon, and saw 3 of its levels.

You collected 101 gold pieces.


   Skills:
 - Level 1.5 Fighting
 + Level 7.4 Ranged Weapons
 - Level 2.4 Dodging
 - Level 1.2 Stealth


You had 3 spell levels left.
You didn't know any spells.
Your spell library was empty.

Inventory:

Hand Weapons
 a - a +0 shortbow (weapon)
Armour
 b - a +0 pair of boots
 h - the +1 ring mail "Lisch" (worn) {rN+ Str+2}
   (You found it on level 2 of the Dungeon)

   Str+2:     It affects your strength (+2).
   rN+:       It protects you from negative energy.
Scrolls
 c - a scroll of fog {unknown}
Potions
 d - a potion of curing
 e - a potion of lignification {unknown}
 f - a potion of cancellation {unknown}
 g - a potion of mutation {unknown}
 j - a potion of heal wounds {unknown}

Dungeon Overview and Level Annotations

Branches:
Dungeon (3/15)

Altars:
Gozag


Message History

A jackal comes into view.
The orc priest invokes the aid of Beogh against you.
Beogh smites you!
The jackal barks!
You shoot an arrow.
The arrow hits the orc priest but does no damage.
The orc priest is moderately wounded.
You hear a shout!
You hear an angry hiss.
An orc comes into view. It is wielding a +0 club.
You hear a bark!
You shoot an arrow. The arrow hits the orc priest.
The orc priest is heavily wounded.
You shoot an arrow.
The arrow hits the orc priest but does no damage.
The orc priest is heavily wounded.
The orc priest calls upon Beogh to heal the orc.
The orc's wounds heal themselves!
You shoot an arrow.
The arrow hits the orc priest but does no damage.
The orc priest is heavily wounded.
The orc priest barely misses you. The orc barely misses you.
You shoot an arrow.
The arrow hits the orc priest but does no damage.
The orc priest is heavily wounded.
The orc priest hits you but does no damage.
The orc misses you.
You shoot an arrow. The arrow barely misses the orc priest.
The orc priest calls down the wrath of Beogh upon you.
Pain shoots through your body! The orc hits you with a +0 mace.
You shoot an arrow.
The arrow hits the orc priest but does no damage.
The orc priest is heavily wounded.
The orc priest completely misses you. The orc hits you with a +0 mace.
You shoot an arrow.
The arrow hits the orc priest but does no damage.
The orc priest is heavily wounded.
The orc priest completely misses you. The orc misses you.
The orc barely misses you.
The orc priest hits you with a +0 hand axe.
You die...

.) #.# #### #. #.#
#... #. #.####.## #.
#.##...## #h
#.##.####
#g#########.##.#.##
#o#.....).#.##.#..#
#o@.#####.#.##.##.#
####..#####....#....#
+........####..#>...#
########.# #....<#...
#.# #..#..#.##
#.###..#..#.#
#...........#
#.###.......#
#........#.##


You could see an orc priest, an orc, a jackal and a goblin.

Vanquished Creatures
  2 adders (D:2)
  A dart slug (D:1)
  A ribbon worm (D:2)
  An orc (D:3)
  6 ball pythons
  3 endoplasms
  A giant cockroach (D:1)
  4 goblins
  2 hobgoblins (D:2)
  5 kobolds
  2 quokkas
  5 bats
  5 frilled lizards
  4 rats
42 creatures vanquished.

Notes
Turn   | Place    | Note
-------+----------+-------------------------------------------
     0 | D:1      | qw the Deep Elf Hunter began the quest for the Orb.
     0 | D:1      | Reached XP level 1. HP: 12/12 MP: 3/3
     0 | D:1      | 0 ||| qw: Version: 0.3-a-160-g6735b56
     0 | D:1      | 0 ||| qw: Game counter: 4867
     0 | D:1      | 0 ||| qw: Melee chars always use a shield: true
     0 | D:1      | 0 ||| qw: God list: Okawaru
     0 | D:1      | 0 ||| qw: Allow faded altars: false
     0 | D:1      | 0 ||| qw: Do Orc after clearing Dungeon:15 true
     0 | D:1      | 0 ||| qw: Do second Lair branch before Depths: true
     0 | D:1      | 0 ||| qw: Lair rune preference: random
     0 | D:1      | 0 ||| qw: Goals: Normal
     0 | D:1      | 0 ||| PLANNING D:1-11
   149 | D:1      | Reached XP level 2. HP: 15/16 MP: 4/4
   158 | D:1      | Reached skill level 6 in Ranged Weapons
   442 | D:1      | 442 ||| DRINKING 2 pink potions.
   443 | D:1      | 443 ||| DROPPING scroll of butterflies.
   500 | D:2      | Reached XP level 3. HP: 20/20 MP: 5/5
   530 | D:2      | Reached skill level 7 in Ranged Weapons
   530 | D:2      | 530 ||| FLEEEEING.
   531 | D:2      | 531 ||| FLEEEEING.
   535 | D:2      | 535 ||| FLEEEEING.
   536 | D:2      | 536 ||| FLEEEEING.
   537 | D:2      | 537 ||| FLEEEEING.
   538 | D:2      | 538 ||| FLEEEEING.
   539 | D:2      | 539 ||| FLEEEEING.
   540 | D:2      | 540 ||| FLEEEEING.
   541 | D:2      | 541 ||| FLEEEEING.
   542 | D:2      | 542 ||| FLEEEEING.
   543 | D:2      | 543 ||| FLEEEEING.
   544 | D:2      | 544 ||| FLEEEEING.
   545 | D:2      | 545 ||| FLEEEEING.
   546 | D:2      | 546 ||| FLEEEEING.
   547 | D:2      | 547 ||| FLEEEEING.
   548 | D:2      | 548 ||| FLEEEEING.
   650 | D:2      | Identified the +1 broad axe of Nuja {drain, Str+2}
   910 | D:2      | Identified the +1 ring mail "Lisch" {rN+ Str+2}
   970 | D:2      | Found an opulent altar of Gozag.
  1103 | D:2      | 1103 ||| UPGRADING to +0 scale mail.
  1113 | D:2      | 1113 ||| DROPPING +0 leather armour.
  1114 | D:2      | 1114 ||| UPGRADING to +1 ring mail "Lisch" {rN+ Str+2}.
  1124 | D:2      | 1124 ||| DROPPING +0 scale mail.
  1125 | D:2      | 1125 ||| READING 2 scrolls labelled NEONTA GITESHRE.
  1126 | D:2      | 1126 ||| DROPPING scroll of revelation.
  1232 | D:3      | Reached XP level 4. HP: 25/25 MP: 6/6
  1234 | D:3      | HP: 6/25 [orc priest/divine providence (9)]
  1240 | D:3      | HP: 4/25 [orc priest/nerve-wracking pain (3)]
  1242 | D:3      | Slain by an orc priest

Levels and vault maps discovered:
D:1:      heliophobic_arrival_dark_side_of_the_moon, layout_basic
D:2:      layout_basic, basic_altar, minmay_cupped
D:3:      layout_basic, uniq_jessica, uniq_terence

Skill      XL: |  1  2  3 |
---------------+----------+-----
Ranged Weapons | 6 7 |  7.4
Fighting       | |  1.5
Dodging        | |  2.4
Stealth        | |  1.2

Action                     |  1- 3 |  4- 6 || total
---------------------------+-------+-------++-------
   Fire: Shortbow          |   107 |    11 ||   118
    Use: Potion            |     1 |       ||     1
         Scroll            |     1 |       ||     1
 Armour: Leather armour    |    13 |       ||    13
         Ring mail         |       |     4 ||     4
  Dodge: Dodged            |    17 |     7 ||    24

Table legend:
 A = Non-vault XP
 B = Vault XP
 C = Vault XP percentage of total XP
 D = Non-vault monster count
 E = Vault monster count
 F = Vault count percentage of total count
                 A         B        C        D         E       F
            +---------+---------+-------+---------+---------+-------
      Total |      92 |       5 |   5.2 |      39 |       3 |   7.1
            +---------+---------+-------+---------+---------+-------
        D:1 |      36 |       0 |   0.0 |      20 |       0 |   0.0
        D:2 |      53 |       5 |   8.6 |      18 |       3 |  14.3
        D:3 |       3 |       0 |   0.0 |       1 |       0 |   0.0
            +---------+---------+-------+---------+---------+-------
